[Event "Titled Tuesday Blitz July 27 2021"]
[White "Damjanovic, Vladimir"]
[Black "Solon, Nathan"]
[WhiteFideId "903795"]
[BlackFideId "2017229"]
[WhiteElo "2374"]
[BlackElo "2635"]
[Result "1-0"]
[Round "07"]
[TimeControl "180+1"]
[Date "2021.07.27"]
[WhiteClock "0:00:03"]
[BlackClock "0:00:49"]

1. d4 Nf6 2. Nc3 d5 3. Bf4 c5 4. e3 cxd4 5. exd4 a6 6. Nf3 Nc6 7. Ne5 Bd7 8. g3 e6 9. Bg2 Qb6 10. Ne2 Rc8 11. O-O Be7 12. c4 dxc4 13. Nxc4 Qa7 14. Nd6+ Bxd6 15. Bxd6 Ne7 16. Rc1 Bc6 17. Qb3 Bxg2 18. Kxg2 Kd7 19. Bc5 Qb8 20. Nf4 Ned5 21. Nd3 Rhd8 22. Qa4+ b5 23. Qxa6 Ke8 24. Ne5 Nd7 25. Nxd7 Rxd7 26. Ba7 Ne3+ 27. fxe3 Qa8+ 28. Kf2 Rxc1 29. Rxc1 Qxa7 30. Rc8+ Ke7 31. Qxa7 Rxa7 32. a3 b4 33. axb4 Ra2 34. Rc7+ Kf6 35. Rc2 Ra4 36. Rc4 Ra2 37. Rc2 Ra4 38. b3 Rxb4 39. Rb2 e5 40. d5 e4 41. Ke2 Ke5 42. Rd2 Rxb3 43. d6 Rb7 44. d7 1-0


[Site "https://www.chess.com"]

[Event "Titled Tuesday Blitz July 27 2021"]
[White "Dang, Hoang Son"]
[Black "Haitin, Ilja"]
[WhiteFideId "12402435"]
[BlackFideId "4501764"]
[WhiteElo "2248"]
[BlackElo "2165"]
[Result "0-1"]
[Round "07"]
[TimeControl "180+1"]
[Date "2021.07.27"]
[WhiteClock "0:00:12"]
[BlackClock "0:00:32"]

1. d4 e6 2. c4 f5 3. Nf3 Nf6 4. g3 d5 5. Bg2 c6 6. O-O Bd6 7. b3 Qe7 8. a4 O-O 9. Ba3 b6 10. Ne5 Bb7 11. Qd2 Nbd7 12. f4 Ne4 13. Bxe4 fxe4 14. e3 Nxe5 15. Bxd6 Qxd6 16. fxe5 Rxf1+ 17. Kxf1 Rf8+ 18. Kg1 Qe7 19. Nc3 Qb4 20. Nxe4 Qxb3 21. Nd6 Ba6 22. cxd5 cxd5 23. Rc1 Qxa4 24. Kg2 Qb3 25. Kh3 Bf1+ 26. Kh4 a5 27. Rc7 a4 28. Ra7 a3 29. Qc1 Qb2 30. Qd1 Qxh2+ 31. Kg5 Be2 0-1


[Site "https://www.chess.com"]

[Event "Titled Tuesday Blitz July 27 2021"]
[White "Dardha, Daniel"]
[Black "Maltsevskaya, Aleksandra"]
[WhiteFideId "240990"]
[BlackFideId "24174041"]
[WhiteElo "2740"]
[BlackElo "2553"]
[Result "1-0"]
[Round "07"]
[TimeControl "180+1"]
[Date "2021.07.27"]
[WhiteClock "0:00:56"]
[BlackClock "0:00:02"]

1. b3 e5 2. Bb2 Nc6 3. e3 g6 4. Bb5 Bg7 5. f4 d6 6. Nf3 Bd7 7. Bxc6 Bxc6 8. fxe5 dxe5 9. O-O f6 10. d4 Ne7 11. c4 Bxf3 12. Qxf3 exd4 13. exd4 f5 14. Nc3 O-O 15. Rad1 c6 16. Kh1 g5 17. d5 cxd5 18. cxd5 Ng6 19. d6 g4 20. Qd5+ Kh8 21. Rxf5 Qh4 22. d7 g3 23. h3 Ne7 24. Rxf8+ Rxf8 25. d8=Q Qf4 26. Ne2 1-0


[Site "https://www.chess.com"]

[Event "Titled Tuesday Blitz July 27 2021"]
[White "Dejmek, Mark"]
[Black "Perez Gormaz, Matias"]
[WhiteFideId "2017628"]
[BlackFideId "3406342"]
[WhiteElo "2312"]
[BlackElo "2414"]
[Result "0-1"]
[Round "07"]
[TimeControl "180+1"]
[Date "2021.07.27"]
[WhiteClock "0:00:04"]
[BlackClock "0:01:19"]

1. e4 c5 2. Nf3 d6 3. d4 cxd4 4. Nxd4 Nf6 5. Nc3 a6 6. Bg5 e6 7. f4 Be7 8. Qf3 Qc7 9. O-O-O Nbd7 10. g4 h6 11. Bxf6 Bxf6 12. h4 Nb6 13. g5 Bxd4 14. Rxd4 Qc5 15. Rd2 Bd7 16. Qd3 hxg5 17. fxg5 Ke7 18. Bg2 Nc4 19. Re2 Rac8 20. Rf1 Rxh4 21. Qg3 Rh5 22. g6 f6 23. e5 Rxe5 24. Rxe5 Qxe5 25. Qxe5 Nxe5 26. Bxb7 Rb8 27. Bxa6 f5 28. Rg1 Kf6 29. Be2 Nxg6 30. b3 Nf4 31. Bc4 g5 32. a4 g4 33. Nd1 d5 34. Bf1 d4 35. Nf2 e5 36. Nd3 Nxd3+ 37. Bxd3 e4 38. Bc4 f4 39. Bd5 Ke5 40. c4 dxc3 41. Bc4 f3 42. Kc2 f2 43. Rg2 e3 44. Kxc3 Rc8 45. Kd3 f1=Q+ 0-1


[Site "https://www.chess.com"]

[Event "Titled Tuesday Blitz July 27 2021"]
[White "Devaev, Alexander"]
[Black "Begmuratov, Khumoyun"]
[WhiteFideId "4169395"]
[BlackFideId "14210207"]
[WhiteElo "2185"]
[BlackElo "1932"]
[Result "1-0"]
[Round "07"]
[TimeControl "180+1"]
[Date "2021.07.27"]
[WhiteClock "0:00:10"]
[BlackClock "0:00:12"]

1. Nf3 Nf6 2. c4 g6 3. Nc3 Bg7 4. e4 d6 5. d4 O-O 6. h3 c6 7. Bg5 h6 8. Be3 Nbd7 9. Be2 Qc7 10. Qd2 e5 11. d5 c5 12. Bxh6 a6 13. a3 Qa5 14. O-O b5 15. cxb5 axb5 16. Bxb5 Nb6 17. a4 Ba6 18. Ra3 Qb4 19. Bxg7 Kxg7 20. Qe2 Nc4 21. Ra2 Bxb5 22. axb5 Rxa2 23. Nxa2 Qb3 24. Nc1 Qxb5 25. Nd2 Qxb2 26. Nxc4 Qb5 27. Re1 Rd8 28. f3 Qa6 29. Qc2 Rb8 30. Nd3 Nd7 31. Rc1 Nf6 32. Kh2 Ne8 33. Qc3 Nc7 34. Ra1 Qc8 35. Na5 Nb5 36. Qe1 Nd4 37. Nc6 Nxc6 38. dxc6 Qxc6 39. Rc1 c4 40. Nf2 Qc5 41. Ng4 Qd4 42. Ne3 d5 43. Nxd5 Rb2 44. Qe3 c3 45. Qxc3 Qf2 46. Rg1 f6 47. Qc7+ Kh6 48. Nxf6 Qh4 49. Qh7+ Kg5 50. Qxh4+ Kxh4 51. Ng4 Kg5 52. Nxe5 Re2 53. Ng4 Kf4 54. h4 g5 55. h5 Ra2 56. h6 Ra6 57. Rd1 Re6 58. Kg1 Ra6 59. Rd2 Ra1+ 60. Kf2 Ra6 61. g3# 1-0


[Site "https://www.chess.com"]

[Event "Titled Tuesday Blitz July 27 2021"]
[White "Do Valle Cardoso, Lucas"]
[Black "Walentukiewicz, Michal"]
[WhiteFideId "2163144"]
[BlackFideId "1126903"]
[WhiteElo "2387"]
[BlackElo "1974"]
[Result "1-0"]
[Round "07"]
[TimeControl "180+1"]
[Date "2021.07.27"]
[WhiteClock "0:00:27"]
[BlackClock "0:00:31"]

1. e4 g6 2. d4 Bg7 3. Nc3 c5 4. dxc5 Qa5 5. Nf3 Qxc5 6. Be3 Qa5 7. Be2 Nf6 8. O-O O-O 9. h3 Nc6 10. a3 d6 11. Qd2 Be6 12. Bh6 Rfc8 13. Bxg7 Kxg7 14. Nd4 Nxd4 15. Qxd4 Qc5 16. Rad1 Qxd4 17. Rxd4 Rc5 18. f4 Rac8 19. Rfd1 Bc4 20. Bf3 b5 21. Kf2 a5 22. R1d2 b4 23. axb4 axb4 24. Na4 Rb5 25. e5 Ne8 26. b3 Be6 27. Be2 Rbb8 28. exd6 Nxd6 29. Bd3 Nf5 30. Re4 h5 31. Re5 Bd7 32. Nc5 Bc6 33. Bxf5 gxf5 34. Rxf5 e6 35. Rxh5 Kf6 36. Nd3 Bd5 37. g4 Rc3 38. Re5 Rbc8 39. Nxb4 Rf3+ 40. Ke2 Rxf4 41. Nxd5+ Kxe5 42. Nxf4 Kxf4 43. c4 e5 44. Rc2 e4 45. c5 Ke5 46. b4 Kd4 47. c6 Rh8 48. c7 Rxh3 49. c8=Q Rh2+ 50. Kf1 1-0


[Site "https://www.chess.com"]

[Event "Titled Tuesday Blitz July 27 2021"]
[White "Eternauta2400"]
[Black "Weetik, Vjacheslav"]
[BlackFideId "4153472"]
[WhiteElo "2528"]
[BlackElo "2469"]
[Result "0-1"]
[Round "07"]
[TimeControl "180+1"]
[Date "2021.07.27"]
[WhiteClock "0:00:08"]
[BlackClock "0:00:08"]

1. Nf3 d5 2. c4 e6 3. g3 f5 4. Bg2 Nf6 5. O-O Be7 6. b3 O-O 7. Bb2 c6 8. d3 a5 9. Nbd2 Na6 10. Ne5 a4 11. Ndf3 a3 12. Bc1 Nb4 13. Bd2 d4 14. h4 Qd6 15. Bxb4 Qxb4 16. Nxd4 Qd6 17. Ndf3 Ng4 18. d4 Bf6 19. c5 Qc7 20. Nc4 Rd8 21. e3 e5 22. Qe1 e4 23. Nfd2 Bxh4 24. Bh3 Be7 25. Nb6 Rb8 26. Bxg4 fxg4 27. Nxc8 Qxc8 28. b4 Qf5 29. Kg2 Re8 30. Rb1 h5 31. Qe2 h4 32. Nc4 h3+ 33. Kh2 Bf6 34. Nd6 Qg6 35. Nxe8 Rxe8 36. b5 Rf8 37. bxc6 bxc6 38. Rb3 Bd8 39. Rxa3 Bc7 40. Ra7 Rf7 41. Rxc7 Rxc7 42. Qc4+ Kh7 43. d5 cxd5 44. Qxd5 Rf7 45. c6 Rc7 46. Rc1 Kh6 47. Rc4 Qf6 48. Rc2 Qf3 49. Qd6+ Kh7 0-1


[Site "https://www.chess.com"]

[Event "Titled Tuesday Blitz July 27 2021"]
[White "Florescu, Codrut-Constantin"]
[Black "Petrovskyi, Vadym"]
[WhiteFideId "1202200"]
[BlackFideId "14165210"]
[WhiteElo "2243"]
[BlackElo "2305"]
[Result "0-1"]
[Round "07"]
[TimeControl "180+1"]
[Date "2021.07.27"]
[WhiteClock "0:00:45"]
[BlackClock "0:00:41"]

1. d4 Nf6 2. c4 g6 3. Nc3 Bg7 4. e4 d6 5. f3 O-O 6. Bg5 c5 7. d5 h6 8. Be3 a6 9. a4 e6 10. Qd2 exd5 11. cxd5 Kh7 12. Nge2 Nbd7 13. Ng3 Ne5 14. Be2 Bd7 15. O-O h5 16. Nh1 b6 17. Nf2 c4 18. Rfb1 b5 19. b4 cxb3 20. axb5 axb5 21. Rxa8 Qxa8 22. Rxb3 Nc4 23. Bxc4 bxc4 24. Rb6 Qa3 25. Bd4 Ra8 26. h3 h4 27. Rb7 Qa1+ 28. Nfd1 Ra3 29. Rb1 Qxb1 30. Nxb1 Rd3 31. Bxf6 Rxd2 32. Nxd2 Bxf6 33. Nxc4 Bd4+ 34. Kh2 Bb5 35. Nxd6 Be5+ 36. Kh1 Bxd6 37. Nc3 Bd3 38. Kg1 Bg3 39. Na4 Kg7 40. Nc5 Bb5 41. Nb3 Kf6 42. Nd4 Bc4 43. Nc6 Bb5 44. Nd4 Ba4 45. Ne2 Ke5 46. Nxg3 hxg3 47. Kf1 f5 48. exf5 gxf5 49. Ke2 Bb5+ 50. Ke1 f4 51. h4 Kxd5 52. h5 Ke5 53. Kd2 Kf6 54. Kc3 Bf1 55. Kd4 Bxg2 56. Ke4 Bf1 57. h6 g2 0-1


[Site "https://www.chess.com"]

[Event "Titled Tuesday Blitz July 27 2021"]
[White "Gabrielian, Artur"]
[Black "Martinez Alcantara, Jose Eduardo"]
[WhiteFideId "4131002"]
[BlackFideId "3805662"]
[WhiteElo "2523"]
[BlackElo "2690"]
[Result "0-1"]
[Round "07"]
[TimeControl "180+1"]
[Date "2021.07.27"]
[WhiteClock "0:00:01"]
[BlackClock "0:00:04"]

1. e4 Nc6 2. Nf3 d6 3. Bc4 Nf6 4. d3 e6 5. O-O Be7 6. a4 O-O 7. Re1 d5 8. exd5 exd5 9. Bb5 Nb8 10. d4 Bg4 11. h3 Bh5 12. Bf4 c6 13. Bd3 Nbd7 14. Nbd2 Re8 15. c3 Nf8 16. Qb3 Bg6 17. Bxg6 Nxg6 18. Bh2 Qc8 19. Ne5 Nxe5 20. Rxe5 Bd6 21. Rxe8+ Nxe8 22. Re1 Bxh2+ 23. Kxh2 Nd6 24. Qc2 Qc7 25. Kg1 f6 26. c4 Qf7 27. c5 Ne8 28. Qb3 Rb8 29. Qg3 Rd8 30. Nf3 g6 31. Nh4 Ng7 32. b4 a6 33. Nf3 Qd7 34. Qf4 Rf8 35. Nh2 g5 36. Qf3 h5 37. Nf1 Qf5 38. Qe2 Re8 39. Qd2 Rxe1 40. Qxe1 Qe6 41. Qd1 h4 42. Ne3 Qe4 43. b5 axb5 44. axb5 Ne6 45. bxc6 bxc6 46. Qh5 Nf4 47. Qg4 Qe6 48. Qxe6+ Nxe6 49. Nf5 Kf7 50. g4 Nf4 51. Kh2 Ke6 52. Ne3 Ne2 53. Nf5 Kd7 54. Kg2 Nf4+ 55. Kh2 Kc7 56. Ne7 Ne6 57. Nf5 Kb7 58. Kg2 Ka6 59. Kf3 Kb5 60. Nd6+ Kb4 61. Ne8 Nxd4+ 62. Ke3 Kxc5 63. Nxf6 Ne6 64. Kd3 Nf4+ 65. Ke3 Nxh3 66. Nd7+ Kd6 67. Nf6 Ke6 68. Ne8 Nf4 69. Ng7+ Ke5 0-1


[Site "https://www.chess.com"]

[Event "Titled Tuesday Blitz July 27 2021"]
[White "Gasanov, Zaur"]
[Black "Krasilnikov, Evgeni"]
[WhiteFideId "34125970"]
[BlackFideId "4139739"]
[WhiteElo "2099"]
[BlackElo "2330"]
[Result "1/2-1/2"]
[Round "07"]
[TimeControl "180+1"]
[Date "2021.07.27"]
[WhiteClock "0:00:13"]
[BlackClock "0:00:08"]

1. d4 Nf6 2. Nf3 g6 3. Bf4 Bg7 4. e3 O-O 5. h3 d6 6. Be2 c5 7. O-O b6 8. c4 Bb7 9. Nc3 Ne4 10. Nxe4 Bxe4 11. Qd2 Nc6 12. d5 Bxf3 13. Bxf3 Ne5 14. Be2 a6 15. Rac1 b5 16. b3 bxc4 17. bxc4 Qc7 18. Bg3 Rab8 19. f4 Rb2 20. Rc2 Rxc2 21. Qxc2 Nd7 22. Rb1 Rb8 23. Be1 Rxb1 24. Qxb1 Qb6 25. Qb3 Qxb3 26. axb3 Kf8 27. Kf1 Ke8 28. Bd3 Kd8 29. Ke2 Kc7 30. Ba5+ Kc8 31. g4 Nb8 32. h4 Nd7 33. Kf3 Nf6 34. h5 Nd7 35. Bc2 Bb2 36. g5 Bg7 37. Kg4 Bb2 38. Kh4 Bc1 39. f5 Ne5 40. fxg6 fxg6 41. Bc3 Bxe3 42. Bxe5 dxe5 43. hxg6 hxg6 44. Bxg6 Kd7 45. Bf7 e4 46. Kg4 Kd6 47. Kf5 a5 48. g6 Bd4 49. Kxe4 Bg7 50. Kd3 Bf6 51. Kc2 Bg7 52. Kb1 Bf6 53. Ka2 Kc7 54. Ka3 Kb6 55. Ka4 Bg7 56. Ka3 Bf6 57. Ka2 Bg7 58. Kb1 Kc7 59. Ka2 Kb6 60. Be6 Bf6 61. Bf5 Bg7 62. Kb1 Bf6 63. Kc2 Kc7 64. Kd3 Kd6 65. Ke4 Bg7 66. Bc8 Bf6 67. Kf5 Bg7 68. Kg5 Ke5 69. Bd7 Bf8 70. Ba4 Bg7 71. Kg4 Bf8 72. Kf3 Bh6 73. Ke2 Bg7 74. Kd3 Kd6 75. Ke4 Bf6 76. Kf5 Bg7 77. Bb5 Bf6 78. Bc6 Bg7 79. Be8 Bf6 80. Bf7 Bg7 81. Kg5 Ke5 82. Be6 Bf8 83. g7 Bxg7 84. Kg6 Bf6 85. Kf7 Bh4 86. Ke8 Kd6 87. Kd8 Be1 88. Kc8 Bd2 89. Kb7 Bc3 90. Kb6 Bb4 91. Kb5 Bc3 92. Bf5 Bb4 93. Bc2 Bc3 94. Ka4 Bb4 95. Kb5 Bc3 96. Bd3 Bb4 97. Bc2 1/2-1/2


[Site "https://www.chess.com"]

[Event "Titled Tuesday Blitz July 27 2021"]
[White "Gelman, Alexander"]
[Black "Ogloblin, Nikolay"]
[WhiteFideId "4118316"]
[BlackFideId "4139658"]
[WhiteElo "2375"]
[BlackElo "2244"]
[Result "1-0"]
[Round "07"]
[TimeControl "180+1"]
[Date "2021.07.27"]
[WhiteClock "0:01:36"]
[BlackClock "0:01:35"]

1. d4 Nf6 2. Nc3 e6 3. e4 d5 4. e5 Nfd7 5. Nce2 c5 6. c3 Nc6 7. f4 b5 8. a3 Qb6 9. Nf3 a5 10. f5 cxd4 11. cxd4 b4 12. fxe6 fxe6 13. Nf4 Ne7 14. axb4 Qxb4+ 15. Bd2 Qb6 16. Bd3 Ba6 17. Rxa5 Ra7 18. Qa4 Bxd3 19. Rxa7 Bf5 20. Qxd7+ Kf7 21. Ng5+ Kg8 22. Ngxe6 Qxb2 23. Ra8 Kf7 24. Qe8+ Kg8 25. Qxf8# 1-0


[Site "https://www.chess.com"]

[Event "Titled Tuesday Blitz July 27 2021"]
[White "Ginzburg, Yakov"]
[Black "Tomiello, Mateus Costamilan"]
[WhiteFideId "4157176"]
[BlackFideId "22701958"]
[WhiteElo "2276"]
[BlackElo "1995"]
[Result "0-1"]
[Round "07"]
[TimeControl "180+1"]
[Date "2021.07.27"]
[WhiteClock "0:00:18"]
[BlackClock "0:00:05"]

1. e4 e5 2. Nf3 Nc6 3. Bb5 a6 4. Bxc6 dxc6 5. O-O Bg4 6. h3 h5 7. d4 Bxf3 8. Qxf3 exd4 9. Rd1 c5 10. c3 g6 11. cxd4 cxd4 12. Be3 c5 13. e5 Qd7 14. Bg5 Bh6 15. Bh4 Bg7 16. Nd2 Nh6 17. Ne4 Nf5 18. Bf6 O-O 19. Bxg7 Kxg7 20. Nf6 Qe6 21. Re1 c4 22. g4 hxg4 23. hxg4 Ne7 24. Kg2 Rh8 25. Rh1 Qxe5 26. Ne4 Nd5 27. Kf1 Nf4 28. Re1 Rxh1+ 29. Qxh1 Rh8 30. Qf3 Rh3 31. Ng3 Qd6 32. Re4 Ne6 33. Nh5+ gxh5 34. Qxh3 Ng5 35. Qg2 Nxe4 36. gxh5+ Kh8 37. Qxe4 d3 38. Qe8+ Kg7 39. h6+ Kxh6 40. Qxf7 d2 41. Kg2 d1=Q 42. Qxc4 Q1d5+ 0-1


[Site "https://www.chess.com"]

[Event "Titled Tuesday Blitz July 27 2021"]
[White "Goltsev, Dmitry"]
[Black "Libiszewski, Fabien"]
[WhiteFideId "24176710"]
[BlackFideId "616834"]
[WhiteElo "2366"]
[BlackElo "2440"]
[Result "1-0"]
[Round "07"]
[TimeControl "180+1"]
[Date "2021.07.27"]
[WhiteClock "0:02:29"]
[BlackClock "0:01:09"]

1. e3 g6 2. Nc3 Bg7 3. b3 c5 4. Bb2 Nc6 5. h4 Nf6 6. Nf3 O-O 7. Be2 e5 8. d3 d5 9. Qd2 d4 10. Ne4 Nxe4 11. dxe4 Bg4 12. O-O-O Qc7 13. Nxd4 cxd4 14. Bxg4 h5 15. Be2 Rac8 16. exd4 Nxd4 17. Bd3 b5 18. Kb1 Qb6 19. Qe3 Rfd8 20. c3 Ne6 21. Qxb6 axb6 22. Bxb5 Nf4 23. g3 Ne6 24. Bd7 Rb8 25. Bxe6 fxe6 26. Rxd8+ Rxd8 27. Kc2 1-0


[Site "https://www.chess.com"]

[Event "Titled Tuesday Blitz July 27 2021"]
[White "Golubev, Mikhail"]
[Black "Hansen, Eric"]
[WhiteFideId "14100983"]
[BlackFideId "2606771"]
[WhiteElo "2374"]
[BlackElo "2568"]
[Result "0-1"]
[Round "07"]
[TimeControl "180+1"]
[Date "2021.07.27"]
[WhiteClock "0:00:24"]
[BlackClock "0:01:37"]

1. e4 c5 2. Nf3 e6 3. d4 cxd4 4. Nxd4 a6 5. Bd3 Bc5 6. Be3 Qc7 7. O-O Nf6 8. Nd2 d6 9. c4 O-O 10. a3 Nbd7 11. b4 Ba7 12. Rc1 Ne5 13. Be2 Bd7 14. Kh1 Rfe8 15. f4 Ng6 16. Bd3 e5 17. fxe5 dxe5 18. Nf5 Bxf5 19. exf5 Bxe3 20. fxg6 hxg6 21. Rc2 e4 22. Be2 Rad8 23. Qe1 Bxd2 24. Rxd2 e3 25. Rxd8 Rxd8 26. Bf3 Qxc4 27. Bxb7 e2 28. Rg1 Rd1 0-1


[Site "https://www.chess.com"]

[Event "Titled Tuesday Blitz July 27 2021"]
[White "Gontcharov, Vladislav"]
[Black "Molina, Roberto Junio Brito"]
[WhiteFideId "4123492"]
[BlackFideId "2109450"]
[WhiteElo "2557"]
[BlackElo "2743"]
[Result "0-1"]
[Round "07"]
[TimeControl "180+1"]
[Date "2021.07.27"]
[WhiteClock "0:00:01"]
[BlackClock "0:00:07"]

1. e4 c6 2. d4 d5 3. Nc3 dxe4 4. Nxe4 Nd7 5. Bd3 Ngf6 6. Ng5 e6 7. Qe2 Bd6 8. N1f3 h6 9. Ne4 Nxe4 10. Qxe4 Qc7 11. Bd2 b6 12. O-O-O Bb7 13. c4 c5 14. d5 O-O-O 15. Bc3 e5 16. Rhe1 Rde8 17. Qf5 Rhf8 18. Kb1 Kb8 19. Qh3 Bc8 20. Nd2 Nf6 21. Bf5 Bxf5+ 22. Qxf5 Qd7 23. Qf3 Qg4 24. h3 Qxf3 25. Nxf3 Nd7 26. Nd2 f5 27. f3 g6 28. Re2 Kc7 29. Rde1 Re7 30. Nf1 h5 31. Ne3 e4 32. Nd1 Bg3 33. Rg1 Rfe8 34. Be1 Bd6 35. Bh4 exf3 36. Rxe7 Bxe7 37. Bxe7 Rxe7 38. gxf3 Nf8 39. Rg2 Re1 40. Kc2 Kd6 41. Kd2 Rh1 42. Nf2 Ra1 43. a3 Ke5 44. Nd3+ Kf6 45. Nf4 Rh1 46. Ke3 h4 47. Nd3 Rxh3 48. d6 Rg3 49. Rh2 g5 50. Kf2 Nd7 51. Ne1 g4 52. fxg4 Rxg4 53. Nf3 Rxc4 54. Rxh4 Rxh4 55. Nxh4 Ke5 56. Ke3 Nf6 57. b3 Nd5+ 58. Kf3 Nf6 59. Ke3 b5 60. Kd3 a6 61. Ke3 Ke6 62. Kf4 Nd5+ 63. Kg5 f4 64. Kg4 Kxd6 65. Nf3 c4 66. bxc4 bxc4 0-1


[Site "https://www.chess.com"]

[Event "Titled Tuesday Blitz July 27 2021"]
[White "Gonzalez, Francisco Silva"]
[Black "Mirzoev, Azer"]
[WhiteFideId "1512285"]
[BlackFideId "13400304"]
[WhiteElo "2159"]
[BlackElo "2525"]
[Result "0-1"]
[Round "07"]
[TimeControl "180+1"]
[Date "2021.07.27"]
[WhiteClock "0:01:04"]
[BlackClock "0:02:26"]

1. d4 c6 2. c4 d5 3. Nc3 Nf6 4. e3 e6 5. Nf3 Nbd7 6. a3 Bd6 7. b4 O-O 8. Bb2 Re8 9. h3 e5 10. dxe5 Nxe5 11. Nxe5 Bxe5 12. Be2 d4 13. exd4 Bxd4 14. O-O Bf5 15. Na4 Bxb2 16. Nxb2 Qc7 17. Bf3 Rad8 18. Qb3 Be4 19. Rae1 g6 20. Re3 Bxf3 21. Rxf3 Ne4 22. Rd1 Nd2 23. Qc3 Nxf3+ 24. Qxf3 Rxd1+ 25. Qxd1 Qe5 26. Qb3 Qe1+ 27. Kh2 Qxf2 28. Nd3 Qd4 29. Qc2 Re3 30. Nf2 Qf4+ 31. g3 Qxg3+ 0-1


[Site "https://www.chess.com"]

[Event "Titled Tuesday Blitz July 27 2021"]
[White "Gubanov, Oleg"]
[Black "Baskin, Robert"]
[WhiteFideId "14115115"]
[BlackFideId "24662402"]
[WhiteElo "2251"]
[BlackElo "2462"]
[Result "1/2-1/2"]
[Round "07"]
[TimeControl "180+1"]
[Date "2021.07.27"]
[WhiteClock "0:00:56"]
[BlackClock "0:01:33"]

1. e4 c5 2. Nf3 d6 3. c3 Nf6 4. Bc4 Nc6 5. Qe2 Bg4 6. h3 Bxf3 7. Qxf3 g6 8. O-O Bg7 9. Qe2 O-O 10. f4 a6 11. d3 Na5 12. Nd2 b5 13. Bb3 Nxb3 14. axb3 Nd7 15. f5 b4 16. c4 Ne5 17. Nf3 e6 18. Nxe5 Bxe5 19. Bh6 Re8 20. Qg4 exf5 21. exf5 Qf6 22. Bg5 Bd4+ 23. Kh1 Qe5 24. Bf4 Qxf5 25. Qxf5 g5 1/2-1/2


[Site "https://www.chess.com"]

[Event "Titled Tuesday Blitz July 27 2021"]
[White "Gurevich, Dmitry"]
[Black "Makhmudov, Shukhrat"]
[WhiteFideId "2000407"]
[BlackFideId "14200775"]
[WhiteElo "2506"]
[BlackElo "2135"]
[Result "0-1"]
[Round "07"]
[TimeControl "180+1"]
[Date "2021.07.27"]
[WhiteClock "0:00:07"]
[BlackClock "0:00:09"]

1. d4 Nf6 2. c4 e6 3. g3 d5 4. Bg2 c6 5. Nd2 Nbd7 6. Ngf3 Bd6 7. O-O O-O 8. b3 Qe7 9. Bb2 e5 10. cxd5 Nxd5 11. Nc4 e4 12. Nfe5 f5 13. Nxd6 Qxd6 14. a4 Re8 15. e3 N7f6 16. Ba3 Qd8 17. Nc4 Be6 18. Qc2 Kh8 19. Rac1 Qd7 20. Qd2 Qc7 21. b4 Qd7 22. Qb2 a6 23. b5 cxb5 24. axb5 Qxb5 25. Qa1 Qd7 26. Ne5 Qd8 27. Rc2 Rc8 28. Rfc1 Rxc2 29. Rxc2 Kg8 30. Qc1 Qa5 31. Nc4 Qa4 32. Nd6 Rb8 33. Bf1 b5 34. Bc5 b4 35. Rb2 b3 36. Bc4 h6 37. h3 Kh7 38. Be2 Bd7 39. Kh2 Bb5 40. Bd1 Bd3 41. Qd2 Rd8 42. Nxf5 Qc6 43. Bxb3 Qe6 44. Nh4 g5 45. Ng2 Bb5 46. Ba2 Bd7 47. Qc2 Qxh3+ 48. Kg1 Bg4 49. Bc4 Bf3 0-1


[Site "https://www.chess.com"]

[Event "Titled Tuesday Blitz July 27 2021"]
[White "Horobetz, Graham"]
[Black "Petukhov, Dmitry"]
[WhiteFideId "2047322"]
[BlackFideId "4142748"]
[WhiteElo "2621"]
[BlackElo "2356"]
[Result "1/2-1/2"]
[Round "07"]
[TimeControl "180+1"]
[Date "2021.07.27"]
[WhiteClock "0:00:13"]
[BlackClock "0:00:18"]

1. e4 c5 2. Nf3 d6 3. d4 cxd4 4. Nxd4 Nf6 5. Nc3 Nc6 6. Be2 e5 7. Nb3 Be7 8. O-O O-O 9. f4 a6 10. Kh1 b5 11. a4 b4 12. Nd5 Nxd5 13. exd5 Na5 14. Nxa5 Qxa5 15. fxe5 dxe5 16. d6 Bd8 17. Bc4 Qc5 18. Bxf7+ Rxf7 19. Rxf7 Kxf7 20. Qf3+ Bf5 21. Qxa8 Qxd6 22. Be3 Bxc2 23. Qb7+ Kg6 24. Rc1 b3 25. Qc8 h6 26. h3 Bf6 27. Qc5 Qxc5 28. Bxc5 e4 29. Ba3 Bg5 30. Re1 Bd2 31. Re2 e3 32. Bc5 Bd3 33. Rxe3 Bxe3 34. Bxe3 Kf5 35. a5 g6 36. Bxh6 Ke4 37. Bd2 Bb5 38. Kh2 Kf5 39. g4+ Kf6 40. Kg3 Ke6 41. Kf4 Kf6 42. Bc3+ Kf7 43. Kg5 Bd3 44. Kh6 Bc2 45. h4 Bd3 46. Bd4 Bc2 47. Kg5 Bd3 48. Kf4 Ke6 49. Bf2 Bc2 50. Ke3 Bb1 51. Kd4 Bc2 52. Kc5 Bd1 53. h5 gxh5 54. gxh5 Bxh5 55. Kc4 Bd1 56. Kd3 Bc2+ 57. Kc3 Kd5 58. Bb6 Kc6 59. Bd8 Kb7 1/2-1/2


[Site "https://www.chess.com"]

[Event "Titled Tuesday Blitz July 27 2021"]
[White "Indjic, Aleksandar"]
[Black "Sadhwani, Raunak"]
[WhiteFideId "911925"]
[BlackFideId "35093487"]
[WhiteElo "2643"]
[BlackElo "2514"]
[Result "0-1"]
[Round "07"]
[TimeControl "180+1"]
[Date "2021.07.27"]
[WhiteClock "0:00:09"]
[BlackClock "0:00:08"]

1. d4 f5 2. Bg5 h6 3. Bh4 g5 4. Bg3 Nf6 5. e3 d6 6. h4 g4 7. h5 Be6 8. Ne2 Bf7 9. Nf4 Qd7 10. Nc3 Nc6 11. Bb5 a6 12. Ba4 e6 13. d5 exd5 14. Ncxd5 Nxd5 15. Nxd5 Bg7 16. c3 O-O 17. Nf4 Rfe8 18. O-O b5 19. Bb3 Ne5 20. Bxf7+ Qxf7 21. b3 Nd7 22. Rc1 Nf6 23. c4 Ne4 24. Bh4 bxc4 25. Rxc4 c5 26. Qd3 Re5 27. Rd1 Rae8 28. Ra4 g3 29. fxg3 d5 30. Ng6 R5e6 31. Nf4 Rd6 32. Ra5 c4 33. Qc2 d4 34. exd4 Bxd4+ 35. Kh2 c3 36. Ng6 Bg7 37. Rxd6 Nxd6 38. Rxa6 Ne4 39. Nf4 Bd4 40. Qd3 Bg7 41. Rc6 Nf2 42. Qc4 Ng4+ 43. Kh3 Nf2+ 44. Kh2 Ng4+ 45. Kh3 Re1 46. Rc8+ Kh7 47. Rh8+ Kxh8 48. Ng6+ Kh7 49. Nf8+ Qxf8 0-1


[Site "https://www.chess.com"]

[Event "Titled Tuesday Blitz July 27 2021"]
[White "Ismagilov, Damir"]
[Black "Tokman, Ariel"]
[WhiteFideId "34199982"]
[BlackFideId "117420"]
[WhiteElo "2075"]
[BlackElo "2345"]
[Result "1-0"]
[Round "07"]
[TimeControl "180+1"]
[Date "2021.07.27"]
[WhiteClock "0:00:32"]
[BlackClock "0:00:07"]

1. d4 d5 2. c4 c6 3. Nc3 Nf6 4. Nf3 a6 5. cxd5 cxd5 6. Bf4 Nc6 7. Rc1 Bg4 8. Ne5 Bd7 9. e3 e6 10. Bd3 Be7 11. g4 h6 12. h4 Rc8 13. Ke2 Nxe5 14. dxe5 Ne4 15. Nxe4 dxe4 16. Bxe4 Rxc1 17. Qxc1 Bxh4 18. Kf3 Be7 19. Bxb7 Qb6 20. Be4 O-O 21. g5 Rc8 22. Qd2 Bc6 23. Qd3 hxg5 24. Bg3 Bxe4+ 25. Qxe4 Qc6 26. Qxc6 Rxc6 27. Rd1 f5 28. exf6 gxf6 29. Rd7 Kf7 30. Rb7 e5 31. Ke4 Ke6 32. Kd3 Bd6 33. b4 f5 34. e4 fxe4+ 35. Kxe4 Rc4+ 36. Kd3 Rxb4 37. Rg7 e4+ 38. Kc3 Rb5 39. Rg6+ Kf5 40. Rxd6 Rc5+ 41. Kd4 Rb5 42. Rd5+ Rxd5+ 43. Kxd5 e3 44. fxe3 Kg4 45. Bd6 Kf3 46. e4 g4 47. e5 g3 48. Bc5 1-0


[Site "https://www.chess.com"]